 Dungeon Crawl Stone Soup version 0.20.0-8-g6b59dc7 (webtiles) character file.

84851 Lavandula the Severer (level 15, -3/135 HPs)
             Began as a Deep Dwarf Hunter on June 1, 2017.
             Was a High Priest of Makhleb.
             Slain by a deep troll (13 damage)
             ... on level 1 of the Depths.
             The game lasted 01:49:34 (21282 turns).

Lavandula the Severer (Deep Dwarf Hunter)          Turns: 21282, Time: 01:49:35

Health: -3/135     AC: 11    Str: 20    XL:     15   Next: 36%
Magic:  0/12       EV: 14    Int: 15    God:    Makhleb [*****.]
Gold:   211        SH:  6    Dex: 20    Spells: 11/14 levels left

rFire    + + .     SeeInvis .   w - +3 broad axe (vamp)
rCold    . . .     Gourm    .   i - +0 buckler
rNeg     + . .     Faith    .   I - +0 fire dragon scales
rPois    +         Spirit   +   (helmet restricted)
rElec    +         Reflect  .   y - +2 cloak
rCorr    .         Harm     .   (no gloves)
MR       ++...     Rnd*Tele +   (no boots)
Stlth    ++........             L - amulet "Jikykiba" {Spirit rElec rPois Slay+2 Stlth+}
Regen    0.0/turn               q - +6 ring of strength
MPRegen  0.2/turn               x - ring of ice

@: non-regenerating
A: damage resistance, heal wounds, horns 2, thin skeletal structure 1, blurry
vision 2, clever 1, deformed body, fire resistance 1, negative energy resistance
1, sense surroundings 2, screaming 1, teleportitis 1, weak 1, no regeneration
a: Heal Wounds, Minor Destruction, Lesser Servant of Makhleb, Major Destruction,
Greater Servant of Makhleb, Renounce Religion


You were on level 1 of the Depths.
You worshipped Makhleb.
Makhleb was extremely pleased with you.
You were not hungry.

You visited 3 branches of the dungeon, and saw 18 of its levels.
You visited 1 bazaar.
You also visited: Labyrinth.

You collected 1128 gold pieces.
You spent 917 gold pieces at shops.

Inventory:

Hand Weapons
 r - a +2 hand crossbow of flaming
 v - the +4 Vampire's Tooth {vamp}
   (You found it on level 4 of the Dungeon)

   It inflicts no extra harm, but heals its wielder when it wounds a living foe.
 w - a +3 vampiric broad axe (weapon)
 B - a +1 war axe of flaming
 Y - a +3 broad axe of electrocution
Missiles
 d - 335 bolts
 D - 13 javelins (quivered)
Armour
 b - a +0 plate armour
 i - a +0 buckler (worn)
 y - a +2 cloak (worn)
 I - +0 fire dragon scales (worn)
 T - the +1 ring mail of Inviolability {MP+9 Int+2 SInv}
   (You found it on level 11 of the Dungeon)

   It affects your intelligence (+2).
   It affects your magic capacity (+9).
   It lets you see invisible.
Jewellery
 j - an uncursed ring of protection from fire
 l - an uncursed ring of resist corrosion
 q - a +6 ring of strength (left hand)
 x - a ring of ice (right hand)
 E - the ring "Ledoizen" {Fire rElec Str-4 Int+4 Dex+5}
   (You took it off an ogre mage on level 15 of the Dungeon)

   [ring of fire]

   It enhances your fire magic.
   It affects your strength (-4).
   It affects your intelligence (+4).
   It affects your dexterity (+5).
   It protects you from fire.
   It makes you vulnerable to cold.
   It insulates you from electricity.
 F - an uncursed ring of wizardry
 H - a +5 ring of dexterity
 L - the amulet "Jikykiba" (around neck) {Spirit rElec rPois Slay+2 Stlth+}
   (You found it on level 8 of the Dungeon)

   [amulet of guardian spirit]

   It causes incoming damage to be split between your health and magic.
   It affects your accuracy and damage with ranged weapons and melee attacks
   (+2).
   It insulates you from electricity.
   It protects you from poison.
   It makes you more stealthy.
 M - an uncursed ring of positive energy
 P - the ring "Mimuk" {rF+ rN+ Str+2}
   (You found it in a labyrinth)

   [ring of positive energy]

   It affects your strength (+2).
   It protects you from fire.
   It protects you from negative energy.
Wands
 a - a wand of confusion (8/48)
 o - a wand of confusion (21/48)
 A - a wand of paralysis (4/24)
 K - a wand of digging (8/24)
 N - a wand of paralysis (8/24)
 Q - a wand of confusion (22/48)
 V - a wand of acid (2/15)
 X - a wand of flame (18/48)
Scrolls
 c - a scroll of remove curse
 p - 3 scrolls of recharging
 t - 3 scrolls of amnesia
 u - 2 scrolls of fear
 C - 6 scrolls of teleportation
 U - a scroll of torment
 W - 2 scrolls of blinking
Potions
 e - 3 potions of might
 g - a potion of haste
 k - 2 potions of lignification
 m - a potion of invisibility
 n - a potion of ambrosia
 s - 6 potions of curing
 z - a potion of flight
 G - a potion of magic
 R - a potion of resistance
Books
 J - a book of Enchantments

   Spells                             Type                      Level
   a - Cause Fear                     Hexes                        4
   b - Yara's Violent Unravelling     Hexes/Transmutation          5
   c - Silence                        Hexes/Air                    5
   d - Deflect Missiles               Charms/Air                   6
   e - Discord                        Hexes                        8
 S - a book of Changes

   Spells                             Type                      Level
   a - Beastly Appendage              Transmutation                1
   b - Sticks to Snakes               Transmutation                2
   c - Spider Form                    Transmutation/Poison         3
   d - Ice Form                       Ice/Transmutation            4
   e - Blade Hands                    Transmutation                5
 Z - a book of Unlife

   Spells                             Type                      Level
   a - Recall                         Summoning/Translocation      3
   b - Animate Dead                   Necromancy                   4
   c - Control Undead                 Necromancy                   4
   d - Cigotuvi's Embrace             Necromancy                   5
   e - Death Channel                  Necromancy                   6
   f - Simulacrum                     Ice/Necromancy               6
Miscellaneous
 O - a lamp of fire
Comestibles
 f - 5 bread rations
 h - 2 fruits


   Skills:
 - Level 9.1 Fighting
 - Level 10.2 Short Blades
 - Level 19.2 Axes
   Level 0.2(12.1) Maces & Flails
 - Level 6.1 Crossbows
 - Level 10.2 Armour
 + Level 7.0 Dodging
 - Level 1.7 Stealth
 - Level 6.4 Shields
 - Level 4.3 Invocations
 - Level 5.6 Evocations


You had 11 spell levels left.
You knew the following spells:

 Your Spells              Type           Power        Failure   Level  Hunger
a - Recall                Summ/Tloc      N/A          92%         3    ####...


Dungeon Overview and Level Annotations

Branches:
Dungeon (15/15)            Temple (1/1) D:4            Lair (0/6) D:10
    Orc (0/2) D:11         Vaults (0/5) D:14         Depths (2/5) D:15

Altars:
Ashenzari
Cheibriados
Kikubaaqudgha
Makhleb
Nemelex Xobeh
Okawaru
Qazlal
Sif Muna
Uskayaw
Vehumet
Xom
Yredelemnul
Zin

Shops:
D:8 }   D:10 ((}   D:11 *   D:14 *

Portals:
Hell: Depths:1
Pandemonium: Depths:1
Trove: D:15 (give +7 demon whip)

Annotations:
D:6 troll!, RKaid's ghost, novice GrGl
D:8 Lexie's ghost, journeyman MiBe
D:10 exclusion: downstairs
D:11 exclusions: downstairs, electric eel and 1 more exclusion
D:14 1 exclusion, Lavandula's ghost, journeyman DDHu


Innate Abilities, Weirdness & Mutations

You are resistant to damage.
You can heal yourself by infusing magical energy.
You resist negative energy. (rN+)
You passively map the area around you.
You do not regenerate.
You have a pair of horns on your head.
You have a somewhat thin skeletal structure. (Dex +2, Stealth)
Scrolls take you longer to read.
Your mind is acute. (Int +2)
Armour fits poorly on your strangely shaped body.
Your flesh is heat resistant. (rF+)
You occasionally shout uncontrollably at your foes.
You are occasionally teleported next to monsters.
You are weak. (Str -2)


Message History

You climb upwards.
The battlesphere dissipates.
There is a stone staircase leading down here.
Okay, then.
Press: ? - help, v - describe, . - travel A stone staircase leading down.
Press: ? - help, v - describe, . - travel
Here: a two-headed ogre, wielding a giant spiked club and a giant club The floor.
Really read with blurry vision while enemies are nearby?
Two slime creatures merge to form a large slime creature.
The two-headed ogre misses you.
The two-headed ogre hits you with a giant club.
The deep troll bites you!!
* * * LOW HITPOINT WARNING * * *
The deep troll closely misses you.
The deep troll claws you but does no damage.
You begin reading the scroll.
You continue reading the scroll.
The deep troll bites you but does no damage.
The deep troll claws you!
You die...

## *.. #.. #.# ############
### #..........# ##.
##.##.#####O# ##. #...#.#
#O###############. #.....#
#@J.............## #.#...#
#T################
#.#...#####J# #######....
#.....##)...######....##....
###.#.)))##...../'....[(.(..
#.#.#####.######(.(.##....
#####.........# #.....##(...
#...###.#########
#...####....
#....(..#.......# #''(#
#....


You could see a large slime creature, a slime creature, 2 two-headed ogres and a
deep troll.

Vanquished Creatures
  Jorgrun (Depths:1)
  Asterion (Depths:1)
  3 very ugly things (Depths:1)
  A stone giant (Depths:1)
  An ettin (D:15)
  A minotaur (Lab)
  A fire dragon (Depths:1)
  Josephine (D:12)
  2 yaktaur captains (Depths:1)
  A great orb of eyes (Depths:1)
  A vault guard (D:14)
  A rakshasa (Depths:1)
  A hydra (D:12)
  19 two-headed ogres
  12 centaur warriors
  A death knight (D:12)
  4 ogre magi
  5 tengu warriors
  A deep troll earth mage (Depths:1)
  Urug (D:13)
  A skeletal warrior (D:13)
  4 unseen horrors
  7 deep trolls (Depths:1)
  A wizard (D:15)
  A necromancer (Depths:1)
  7 ugly things
  Pikel (D:8)
  A salamander (shapeshifter) (Depths:1)
  2 deep elf magi (D:14)
  A fire giant zombie (Depths:1)
  Maurice (D:10)
  4 cyclopes
  Joseph (D:8)
  A kobold demonologist (D:8)
  4 gargoyles
  A freezing wraith (D:12)
  13 yaktaurs (Depths:1)
  2 redback zombies
  6 tengu conjurers
  A guardian mummy (D:15)
  The ghost of DrakieV the Slasher, an amateur NaFi (D:4)
  3 meliai (D:13)
  A meliai (shapeshifter) (Depths:1)
  Grinder (D:3)
  12 slime creatures
  4 hippogriffs
  A hornet (D:7)
  An ettin zombie (Depths:1)
  A vampire (D:9)
  An ice dragon skeleton (Depths:1)
  Sigmund (D:2)
  A wyvern (D:14)
  3 wraiths (D:12)
  13 yaks
  A deep troll skeleton (Depths:1)
  A spriggan (D:7)
  4 shadows
  A steam dragon (D:14)
  A hungry ghost (D:9)
  5 vampire mosquitoes
  The ghost of Cab the Grave Robber, an amateur DsNe of Vehumet (D:5)
  A water moccasin (D:12)
  A porcupine (D:10)
  A warg (shapeshifter) (D:15)
  3 ice beasts
  3 orc warriors
  3 sky beasts
  4 necrophages
  2 slaves (D:8)
  A boggart (D:14)
  5 phantoms
  5 ogres
  3 eyes of draining
  23 centaurs
  A crocodile (D:10)
  4 big kobolds
  11 bullfrogs
  8 scorpions
  12 killer bees
  2 wights (D:10)
  9 howler monkeys
  2 vampire bats (D:4)
  An electric eel (D:11)
  6 crimson imps
  2 centaur zombies
  2 bullfrog zombies
  4 lava snakes (Lab)
  A quasit (D:11)
  4 jellies
  5 orc priests
  4 centaur skeletons
  7 hounds
  8 orc wizards
  12 worker ants
  An iguana (D:13)
  A killer bee zombie (D:6)
  3 hound zombies
  2 hound skeletons
  A worker ant zombie (D:5)
  4 gnolls (D:7)
  12 adders
  2 river rats (D:10)
  3 shadow imps
  A white imp (Depths:1)
  An ooze (D:7)
  2 adder zombies
  3 worms (D:2)
  A dart slug (D:3)
  7 leopard geckos
  34 orcs
  2 ball pythons
  18 bats
  6 giant cockroaches
  4 goblins
  7 hobgoblins
  4 jackals
  29 kobolds
  8 quokkas
  4 frilled lizards
  A jackal skeleton (D:4)
  A quokka skeleton (D:5)
  7 rats
506 creatures vanquished.

Vanquished Creatures (collateral kills)
  Agnes (D:14)
  A stone giant (Depths:1)
  A death yak (D:10)
  A spark wasp zombie (Depths:1)
  A troll (D:14)
  A slime creature (D:14)
  A porcupine (D:10)
  A hell rat (D:10)
  2 river rats (D:10)
  An adder (D:10)
  A quokka (D:10)
12 creatures vanquished.

Vanquished Creatures (others)
  A necromancer (Depths:1)
  2 slaves (D:8)
3 creatures vanquished.

Grand Total: 521 creatures vanquished

Notes
Turn   | Place    | Note
-------+----------+-------------------------------------------
     0 | D:1      | Lavandula the Deep Dwarf Hunter began the quest for the Orb.
     0 | D:1      | Reached XP level 1. HP: 19/19 MP: 1/1
   128 | D:1      | Reached XP level 2. HP: 26/26 MP: 2/2
   174 | D:1      | Reached skill level 5 in Crossbows
   705 | D:2      | Noticed Sigmund
   955 | D:2      | Reached XP level 3. HP: 29/32 MP: 3/3
  1222 | D:3      | Reached skill level 1 in Armour
  1258 | D:3      | Reached XP level 4. HP: 26/39 MP: 4/4
  1340 | D:3      | Found a deep blue altar of Sif Muna.
  1340 | D:3      | Found a radiant altar of Vehumet.
  1529 | D:3      | Found an iron altar of Okawaru.
  1722 | D:3      | Noticed Grinder
  1727 | D:3      | You fall through a shaft for 2 floors!
  1727 | D:5      | Entered Level 5 of the Dungeon
  1736 | D:5      | Reached skill level 1 in Short Blades
  1742 | D:5      | Noticed an ice beast
  1907 | D:5      | Reached XP level 5. HP: 34/45 MP: 5/5
  1946 | D:5      | Noticed Cab's ghost (amateur DsNe)
  2048 | D:5      | Reached skill level 1 in Axes
  2075 | D:5      | Noticed a phantom
  2145 | D:4      | Reached skill level 2 in Axes
  2182 | D:4      | Reached skill level 3 in Axes
  2197 | D:4      | Noticed DrakieV's ghost (amateur NaFi)
  2362 | D:4      | Found a shattered altar of Ashenzari.
  2367 | D:4      | Reached XP level 6. HP: 19/52 MP: 6/6
  2391 | D:4      | Reached skill level 4 in Axes
  2630 | D:4      | Found a basalt altar of Yredelemnul.
  2669 | D:4      | Found a staircase to the Ecumenical Temple.
  2674 | Temple   | Entered the Ecumenical Temple
  2696 | Temple   | Became a worshipper of Makhleb the Destroyer
  3041 | D:5      | Reached skill level 5 in Axes
  3108 | D:5      | Reached XP level 7. HP: 50/60 MP: 7/7
  3284 | D:5      | Reached skill level 6 in Axes
  3477 | D:5      | Reached skill level 7 in Axes
  3736 | D:5      | Killed Cab's ghost
  3839 | D:6      | Reached skill level 8 in Axes
  3907 | D:6      | Reached XP level 8. HP: 45/67 MP: 8/8
  4149 | D:6      | Reached * piety under Makhleb
  4176 | D:6      | Noticed a troll
  4437 | D:5      | Reached skill level 1 in Evocations
  4645 | D:6      | Reached skill level 5 in Evocations
  4666 | D:6      | Noticed RKaid's ghost (novice GrGl)
  4703 | D:6      | Reached skill level 1 in Invocations
  5275 | D:6      | Gained mutation: You passively map the area around you. [Deep Dwarf growth]
  5275 | D:6      | Reached XP level 9. HP: 61/78 MP: 13/13
  5739 | D:7      | Reached skill level 5 in Fighting
  5753 | D:7      | Reached ** piety under Makhleb
  6148 | D:7      | Found a sparkling altar of Nemelex Xobeh.
  6304 | D:7      | Reached skill level 5 in Armour
  6465 | D:8      | Got a flickering silver amulet
  6467 | D:8      | Identified the amulet "Jikykiba" {Spirit rElec rPois Slay+2 Stlth+} (You found it on level 8 of the Dungeon)
  6480 | D:8      | Noticed Joseph
  6501 | D:8      | Killed Joseph
  6555 | D:8      | Noticed Lexie's ghost (journeyman MiBe)
  6667 | D:8      | Noticed Pikel
  6679 | D:8      | Killed Pikel
  6679 | D:8      | Reached skill level 9 in Axes
  6689 | D:8      | Found Reilupor's Gadget Shop.
  6786 | D:8      | Reached XP level 10. HP: 65/91 MP: 0/12
  6900 | D:8      | Noticed a rust devil
  7264 | D:9      | Reached skill level 10 in Axes
  7936 | D:10     | Entered Level 10 of the Dungeon
  7958 | D:10     | Found Qaukhlimm's Weapon Shoppe.
  7989 | D:10     | Killed an unseen horror
  7989 | D:10     | Reached skill level 11 in Axes
  8080 | D:10     | Found Mosuboaq's Gadget Emporium.
  8138 | D:10     | Reached *** piety under Makhleb
  8251 | D:10     | Found a staircase to the Lair.
  8251 | D:10     | Noticed a death yak
  8253 | D:10     | Noticed a death yak
  8254 | D:10     | Noticed a death yak
  8261 | D:10     | Reached skill level 12 in Axes
  8271 | D:10     | Killed a death yak
  8322 | D:10     | Found Cejim's Antique Weapon Emporium.
  8330 | D:10     | Bought a glowing hand crossbow for 221 gold pieces
  8597 | D:10     | Noticed Maurice
  8610 | D:10     | Killed Maurice
  8623 | D:10     | Reached skill level 13 in Axes
  8877 | D:10     | Reached XP level 11. HP: 97/97 MP: 0/11
  8956 | D:10     | Noticed a two-headed ogre
  8959 | D:10     | Killed a two-headed ogre
  9237 | D:11     | Found Qeakk's Demolitions Depot.
  9298 | D:11     | Found a staircase to the Orcish Mines.
  9303 | D:11     | Got a crude ring mail
  9314 | D:11     | Identified the +1 ring mail of Inviolability {MP+9 Int+2 SInv} (You found it on level 11 of the Dungeon)
  9374 | D:11     | Noticed a centaur warrior
  9387 | D:11     | Killed a centaur warrior
  9948 | D:12     | Found a flickering gateway to a bazaar.
  9957 | Bazaar   | Entered a bazaar
  9970 | Bazaar   | Found Saaskor's Gadget Shoppe.
 10028 | Bazaar   | Found Poepteomoe's Gadget Shoppe.
 10077 | Bazaar   | Found Doqasheh's Jewellery Shoppe.
 10120 | Bazaar   | Found Tuce's Gadget Boutique.
 10387 | Bazaar   | Bought a lamp of fire for 360 gold pieces
 10473 | D:12     | Noticed Josephine
 10577 | D:13     | Reached skill level 5 in Short Blades
 10707 | D:13     | Noticed a centaur warrior
 10721 | D:13     | Noticed a two-headed ogre
 10722 | D:13     | Killed a centaur warrior
 10735 | D:13     | Killed a two-headed ogre
 10746 | D:13     | Reached **** piety under Makhleb
 10851 | D:13     | Noticed a two-headed ogre
 10890 | D:13     | Killed a two-headed ogre
 10907 | D:13     | Noticed a skeletal warrior
 11120 | D:13     | Noticed a centaur warrior
 11150 | D:13     | Killed a centaur warrior
 11150 | D:13     | Reached skill level 5 in Dodging
 11174 | D:13     | Noticed Urug
 11179 | D:13     | Killed Urug
 11193 | D:13     | Reached XP level 12. HP: 103/105 MP: 0/11
 11229 | D:13     | Noticed a centaur warrior
 11258 | D:13     | Killed a centaur warrior
 11528 | D:14     | Noticed a centaur warrior
 11552 | D:14     | Killed a centaur warrior
 11569 | D:14     | Found a labyrinth entrance.
 11578 | Lab      | Entered a labyrinth
 11899 | Lab      | Noticed a minotaur
 11904 | Lab      | Killed a minotaur
 12041 | Lab      | Got a bound wooden ring
 12044 | Lab      | Got a silken robe
 12197 | Lab      | Identified the ring "Mimuk" {rF+ rN+ Str+2} (You found it in a labyrinth)
 12311 | D:14     | Noticed Agnes
 12333 | D:14     | Killed Agnes
 12333 | D:14     | Reached skill level 10 in Short Blades
 12429 | D:14     | Noticed a two-headed ogre
 12452 | D:14     | Killed a two-headed ogre
 12556 | D:14     | Found Daugaka's Blood Bar.
 12579 | D:14     | Noticed Lavandula's ghost (journeyman DDHu)
 12715 | D:14     | Noticed a centaur warrior
 12727 | D:14     | Noticed a vault guard
 12803 | D:14     | Killed a vault guard
 12842 | D:14     | Found a gate to the Vaults.
 13022 | D:14     | Killed a centaur warrior
 13228 | D:14     | Reached ***** piety under Makhleb
 13332 | D:14     | Noticed a tengu warrior
 13367 | D:14     | Killed a tengu warrior
 13367 | D:14     | Reached XP level 13. HP: 117/117 MP: 0/12
 13821 | D:15     | Entered Level 15 of the Dungeon
 14157 | D:15     | Gained mutation: You are partially covered in large bone plates. (SH +4) [mutagenic meat]
 14158 | D:15     | Gained mutation: You are partially covered in icy blue scales. (AC +2) [mutagenic meat]
 14159 | D:15     | Gained mutation: You are clumsy. (Dex -2) [mutagenic meat]
 14160 | D:15     | Gained mutation: You expend magic power (3 MP) to strengthen your wands. [mutagenic meat]
 14268 | D:15     | Noticed an ettin
 14316 | D:15     | Lost mutation: You are clumsy. (Dex -2) [potion of mutation]
 14316 | D:15     | Lost mutation: You are partially covered in icy blue scales. (AC +2) [potion of mutation]
 14316 | D:15     | Lost mutation: You expend magic power (3 MP) to strengthen your wands. [potion of mutation]
 14316 | D:15     | Lost mutation: You are partially covered in large bone plates. (SH +4) [potion of mutation]
 14316 | D:15     | Gained mutation: You have a pair of small horns on your head. [potion of mutation]
 14316 | D:15     | Gained mutation: Scrolls take you a little longer to read. [potion of mutation]
 14316 | D:15     | Gained mutation: You tend to lose your temper in combat. [potion of mutation]
 14316 | D:15     | Gained mutation: You have a somewhat thin skeletal structure. (Dex +2, Stealth) [potion of mutation]
 14358 | D:15     | Killed an ettin
 14358 | D:15     | Reached skill level 14 in Axes
 14535 | D:15     | Found a staircase to the Depths.
 14553 | D:15     | Found a portal to a secret trove of treasure.
 14668 | D:14     | Reached skill level 15 in Axes
 14841 | D:15     | Got a warped copper ring
 14843 | D:15     | Identified the ring "Ledoizen" {Fire rElec Str-4 Int+4 Dex+5} (You took it off an ogre mage on level 15 of the Dungeon)
 15097 | D:15     | Learned a level 3 spell: Recall
 15187 | D:14     | Gained mutation: You are clumsy. (Dex -2) [mutagenic glow]
 15229 | D:14     | Gained mutation: You occasionally shout uncontrollably at your foes. [mutagenic glow]
 15281 | D:14     | Gained mutation: Armour fits poorly on your strangely shaped body. [mutagenic glow]
 15812 | D:4      | Reached skill level 16 in Axes
 15852 | D:2      | Killed Sigmund
 16148 | D:3      | Paralysed by Grinder for 7 turns
 16158 | D:3      | Killed Grinder
 16193 | D:4      | Killed DrakieV's ghost
 16193 | D:4      | Gained mutation: You resist negative energy. (rN+) [Deep Dwarf growth]
 16193 | D:4      | Reached XP level 14. HP: 129/129 MP: 13/13
 18105 | D:12     | Killed Josephine
 19025 | D:12     | Gained mutation: Your magical capacity is low. (-10% MP) [mutagenic glow]
 19085 | D:13     | Paralysed by a hornet for 2 turns
 19091 | D:13     | Paralysed by a hornet for 1 turns
 19230 | Depths:1 | Entered Level 1 of the Depths
 19233 | Depths:1 | Noticed a stone giant
 19253 | Depths:1 | Killed a stone giant
 19253 | Depths:1 | Reached skill level 17 in Axes
 19363 | Depths:1 | Noticed a white very ugly thing
 19363 | Depths:1 | Noticed a white very ugly thing
 19363 | Depths:1 | Noticed a white very ugly thing
 19391 | Depths:1 | Noticed Asterion
 19401 | Depths:1 | Killed Asterion
 19435 | Depths:1 | Gained mutation: Your magical capacity is very low. (-20% MP) [mutagenic meat]
 19436 | Depths:1 | Gained mutation: You are occasionally teleported next to monsters. [mutagenic meat]
 19437 | Depths:1 | Lost mutation: Your magical capacity is very low. (-20% MP) [mutagenic meat]
 19583 | Depths:1 | Gained mutation: Scrolls take you longer to read. [mutagenic meat]
 19586 | Depths:1 | Found a gateway to Hell.
 19947 | D:10     | Bought a wand of digging (8/24) for 336 gold pieces
 20098 | D:13     | Reached skill level 18 in Axes
 20207 | Depths:1 | Reached skill level 1 in Shields
 20246 | Depths:1 | Killed a white very ugly thing
 20264 | Depths:1 | Killed a red very ugly thing
 20276 | Depths:1 | Killed a white very ugly thing
 20300 | Depths:1 | Reached skill level 5 in Shields
 20307 | Depths:1 | Gained mutation: Your mind is acute. (Int +2) [mutagenic meat]
 20308 | Depths:1 | Gained mutation: You are weak. (Str -2) [mutagenic meat]
 20309 | Depths:1 | Gained mutation: You have a pair of horns on your head. [mutagenic meat]
 20313 | Depths:1 | Lost mutation: You are clumsy. (Dex -2) [mutagenic meat]
 20314 | Depths:1 | Lost mutation: Your magical capacity is low. (-10% MP) [mutagenic meat]
 20315 | Depths:1 | Gained mutation: Your flesh is heat resistant. (rF+) [mutagenic meat]
 20316 | Depths:1 | Lost mutation: You tend to lose your temper in combat. [mutagenic meat]
 20319 | Depths:1 | Gained mutation: You tend to lose your temper in combat. [mutagenic meat]
 20320 | Depths:1 | Lost mutation: You tend to lose your temper in combat. [mutagenic meat]
 20506 | Depths:1 | Noticed Jorgrun
 20524 | Depths:1 | Killed Jorgrun
 20542 | Depths:1 | Reached XP level 15. HP: 111/135 MP: 12/12
 20600 | Depths:2 | Noticed a frost giant
 20737 | Depths:1 | Reached skill level 19 in Axes
 20917 | Depths:1 | Found a one-way gate leading to the halls of Pandemonium.
 21208 | Depths:1 | Reached skill level 10 in Armour
 21278 | Depths:2 | Noticed a tengu reaver
 21282 | Depths:1 | Slain by a deep troll

Skill      XL: |  1  2  3  4  5  6  7  8  9 10 11 12 13 14 15 |
---------------+----------------------------------------------+-----
Crossbows      | 5 6 |  6.1
Fighting       | 2 3 6 7 9 |  9.1
Armour         | 1 3 6 9 10 | 10.2
Short Blades   | 1 2 8 10 | 10.2
Axes           | 3 5 8 9 13 16 18 19 | 19.2
Evocations     | 5 |  5.6
Invocations    | 4 |  4.3
Dodging        | 5 6 7 |  7.0
Shields        | 6 |  6.4
Maces & Flails | |  0.2
Stealth        | |  1.7

Action                   |  1- 3 |  4- 6 |  7- 9 | 10-12 | 13-15 || total
-------------------------+-------+-------+-------+-------+-------++-------
Melee: Short sword       |    59 |    94 |       |       |       ||   153
       War axe           |       |    96 |   367 |   170 |     7 ||   640
       Whip              |       |       |     2 |    75 |       ||    77
       Dagger            |       |       |       |   736 |    88 ||   824
       Broad axe         |       |       |       |     9 |   808 ||   817
       Headbutt          |       |       |       |       |   243 ||   243
 Fire: Hand crossbow     |    54 |    46 |       |    48 |       ||   148
Throw: Javelin           |       |       |    13 |    12 |    28 ||    53
Invok: Lesser Servant of |       |       |       |    10 |     5 ||    15
 Abil: Heal Wounds       |     2 |     3 |     8 |     7 |    15 ||    35
Evoke: Wand              |       |       |     1 |    19 |    25 ||    45
       Lamp of fire      |       |       |       |     1 |     2 ||     3
  Use: Scroll            |     2 |     4 |     4 |    11 |    12 ||    33
       Potion            |       |     1 |     3 |     6 |     3 ||    13
 Stab: Sleeping          |     2 |       |       |       |       ||     2
       Paralysed         |       |       |     3 |    12 |     4 ||    19
       Confused          |       |       |       |     7 |    21 ||    28
       Distracted        |       |       |       |     1 |       ||     1
  Eat: Chunk             |       |    12 |     7 |    17 |    31 ||    67
       Royal jelly       |       |       |       |     3 |       ||     3
       Meat ration       |       |       |       |     4 |     3 ||     7
       Bread ration      |       |       |       |       |     6 ||     6
       Fruit             |       |       |       |       |     4 ||     4
Armor: Leather armour    |    44 |    72 |    12 |       |       ||   128
       Plate armour      |       |    21 |   183 |   166 |   381 ||   751
       Ring mail         |       |       |       |   152 |       ||   152
       Fire dragon scale |       |       |       |       |     9 ||     9
Dodge: Dodged            |   100 |   180 |   141 |   402 |   432 ||  1255
Block: Buckler           |       |       |       |       |    57 ||    57
